 Dungeon Sprint DCSS version 0.31-a0-142-g31f6795574 (webtiles) character file.

Game seed: 12197909956713025082

1291 rocky1 the Covert (level 8, 0/49 HPs)
             Began as a Vine Stalker Brigand on June 4, 2023.
             Was an Initiate of Gozag.
             Slain by a two-headed ogre
             ... wielding a +0 giant club
              (7 damage)
             ... in the Dungeon (Sprint III: "The Ten Rune Challenge").
             The game lasted 00:04:23 (1033 turns).

rocky1 the Covert (Vine Stalker Brigand)            Turns: 1033, Time: 00:04:23

Health: 0/49       AC:  3    Str: 14    XL:     8   Next: 55%
Magic:  0/9        EV: 15    Int: 11    God:    Gozag
Gold:   393        SH:  0    Dex: 18    Spells: 7/7 levels left

rFire   . . .        l - +2 dagger (vamp)
rCold   . . .        (no shield)
rNeg    . . .        b - +0 robe
rPois   .            (no helmet)
rElec   .            c - +0 cloak
rCorr   .            (no gloves)
SInv    .            (no boots)
Will    +....        (no amulet)
Stlth   ++++++       (no ring)
HPRegen 1.08/turn    (no ring)
MPRegen 0.11/turn

%: no teleportation, guardian spirit
@: no status effects
A: fangs 3, regeneration 1, magic shield, antimagic bite, no potion heal 2
a: Renounce Religion, Potion Petition, Call Merchant, Bribe Branch


You were in the Dungeon.
You worshipped Gozag.
Gozag was aware of your devotion.
You visited 1 branch You collected 393 gold pieces.

Inventory:

Hand Weapons
 a - a +2 dagger
 l - a +2 vampiric dagger (weapon)
 v - a +0 short sword
 w - a +0 long sword of holy wrath
Missiles
 d - 8 poisoned darts
 m - 6 boomerangs
 n - a curare-tipped dart (quivered)
Armour
 b - a +0 robe (worn)
 c - a +0 cloak (worn)
 u - a +0 leather armour
Wands
 e - a wand of polymorph (12)
 i - a wand of quicksilver (8)
Scrolls
 j - a scroll of blinking
 o - a scroll of immolation {unknown}
 r - a scroll of poison
Potions
 f - a potion of curing
 g - a potion of haste
 h - 2 potions of magic
 k - a potion of berserk rage
 p - a potion of might
 q - a potion of lignification
 s - 2 potions of enlightenment
 t - 6 potions of mutation


   Skills:
 * Level 9.4 Fighting
 * Level 9.2 Short Blades
 - Level 1.7 Throwing
 + Level 6.0 Dodging
 * Level 13.5 Stealth


You had 7 spell levels left.
You didn't know any spells.
Your spell library contained the following spells:

 Spells                   Type           Power      Damage    Failure   Level
 Sublimation of Blood     Necr           0%         N/A       47%         2
 Petrify                  Tmut/Erth      0%         N/A       98%         4
 Irradiate                Conj/Tmut      0%         3d11      100%        5


Dungeon Overview and Level Annotations

Branches:
Dungeon (1/1)

Altars:
Cheibriados
Dithmenos
Elyvilon
Fedhas
Gozag
Hepliaklqana
Kikubaaqudgha
Makhleb
Nemelex Xobeh
Okawaru
Qazlal
Ru
Sif Muna
Trog
Uskayaw
Vehumet
Wu Jian
Xom
Yredelemnul
Zin
The Shining One
Jiyva
Lugonu


Innate Abilities, Weirdness & Mutations

You have razor-sharp teeth.
Your natural rate of healing is unusually fast.
When hurt, damage is shared between your health and your magic reserves.
Your bite disrupts and absorbs the magic of your enemies.
Potions cannot restore your health.


Message History

There is an open door here. 2 two-headed ogres come into view.
The two-headed ogre shouts in stereo! x2; You hear two shouts!
The two-headed ogre hits you with a +0 giant club!!
The two-headed ogre closely misses you.
You hit the two-headed ogre.
You feel better.
The two-headed ogre is lightly wounded.
Unknown command.
You hit the two-headed ogre but do no damage.
You bite the two-headed ogre. You drain its power.
You feel invigorated.
The two-headed ogre is lightly wounded.
You hit the two-headed ogre. You bite the two-headed ogre. You drain its power.
You feel invigorated.
The two-headed ogre is moderately wounded.
The two-headed ogre hits you with a +0 giant club! x2
* * * LOW HITPOINT WARNING * * *
Unknown command.
Okay, then.
There is an open door, spattered with blood here.
You close the door.
A two-headed ogre opens the door.
There is an open door here.
Throw: 2 darts (curare)
Press: ? - help, Q - select action, (/) - cycle Shift-Dir - straight line, f - two-headed ogre
Aim: a two-headed ogre, wielding two +0 giant clubs (moderately wounded, 78% to hit)
You throw a curare-tipped dart.
The curare-tipped dart hits the two-headed ogre.
The two-headed ogre is poisoned.
The two-headed ogre convulses.
The two-headed ogre seems to slow down.
The two-headed ogre is heavily wounded.
You completely miss the two-headed ogre.
You bite the two-headed ogre. You drain its power.
You feel invigorated.
The two-headed ogre is heavily wounded.
Unknown command.
You hit the two-headed ogre.
The two-headed ogre is severely wounded.
The two-headed ogre hits you with a +0 giant club!!
* * * LOW HITPOINT WARNING * * *
The two-headed ogre hits you with a +0 giant club!
You die...
Your body crumbles into a pile of gold.

▓▓▓▓▓▓▓ ▓▓▓ '.....♣♣
♣.############$ $ $$ #......♣
♣♣.#___#___#__# $$ #....♣♣♣
♣..#!..#__.#._# $
#.)..~♣♣♣♣..###'#'###'## $ $
#...~~♣♣..♣.#..........# $ $
#..~~~~..♣♣.'.⌠.@OO....# $
#..~≈≈~~~♣♣.#...######'# $ $
#.~~≈~~~....#.⌠.#__#...#+#### #
#.~≈~~~.....#...#__#...#....#.#
#.~~~.......#'###__#..O##.#..#
#.........!.#.))#__#...'##.#.#
............#___#__'...#.OO#..#
▓▓▓▓▓▓▓▓▓▓▓▓▓▓▓▓▓▓▓▓▓▓▓▓▓▓▓▓▓▓▓


You could see 2 two-headed ogres.

Vanquished Creatures
  A deep elf pyromancer (D)
  A shadow (D)
  A spatial vortex (D)
  A necrophage (D)
  A water elemental (D)
  A jelly (D)
  Crazy Yiuf (D)
  Jessica (D)
  A wizard (D)
  A necromancer (D)
  3 humans (D)
  A kobold demonologist (D)
  2 endoplasms (D)
  A rat (D)
17 creatures vanquished.

Notes
Turn   | Place    | Note
-------+----------+-------------------------------------------
     0 | D        | rocky1 the Vine Stalker Brigand began the quest for the
                  | Orb.
     0 | D        | Reached XP level 1. HP: 11/11 MP: 2/2
     6 | D        | Reached skill level 1 in Dodging
     6 | D        | Reached skill level 5 in Stealth
    15 | D        | Noticed Jessica
    22 | D        | Killed Jessica
    23 | D        | Reached skill level 6 in Stealth
    23 | D        | Reached XP level 2. HP: 16/16 MP: 3/3
    23 | D        | Reached XP level 3. HP: 20/20 MP: 4/4
   168 | D        | Noticed Crazy Yiuf
   175 | D        | Killed Crazy Yiuf
   176 | D        | Reached skill level 7 in Stealth
   176 | D        | Gained mutation: Your natural rate of healing is unusually
                  | fast. [Vine Stalker growth]
   176 | D        | Reached XP level 4. HP: 25/25 MP: 5/5
   247 | D        | Noticed a water elemental
   258 | D        | Killed a water elemental
   259 | D        | Reached skill level 5 in Fighting
   259 | D        | Reached skill level 5 in Short Blades
   259 | D        | Reached skill level 8 in Stealth
   259 | D        | Reached XP level 5. HP: 30/30 MP: 6/6
   695 | D        | Noticed a shadow
   697 | D        | Killed a shadow
   698 | D        | Reached skill level 10 in Stealth
   698 | D        | Reached XP level 6. HP: 37/37 MP: 7/7
   890 | D        | Found a blossoming altar of Fedhas.
   890 | D        | Found a stormy altar of Qazlal.
   890 | D        | Found a snail-covered altar of Cheibriados.
   890 | D        | Found a burning altar of Makhleb.
   890 | D        | Found a shimmering altar of Xom.
   890 | D        | Noticed a spatial vortex
   891 | D        | Found a hazy altar of Hepliaklqana.
   891 | D        | Found an opulent altar of Gozag.
   891 | D        | Found a sparkling altar of Nemelex Xobeh.
   891 | D        | Found a corrupted altar of Lugonu.
   891 | D        | Found a viscous altar of Jiyva.
   893 | D        | Killed a spatial vortex
   894 | D        | Reached skill level 11 in Stealth
   894 | D        | Reached XP level 7. HP: 42/42 MP: 8/8
   896 | D        | Became a worshipper of Gozag Ym Sagoz the Greedy
   915 | D        | Found a basalt altar of Yredelemnul.
   915 | D        | Found a shadowy altar of Dithmenos.
   915 | D        | Found a sacrificial altar of Ru.
   938 | D        | Found a hide-covered altar of Uskayaw.
   938 | D        | Found an iron altar of Okawaru.
   938 | D        | Found a bloodstained altar of Trog.
   938 | D        | Found an ornate altar of the Wu Jian Council.
   938 | D        | Noticed a human
   939 | D        | Noticed a human
   941 | D        | Killed a human
   942 | D        | Reached skill level 5 in Dodging
   942 | D        | Reached skill level 12 in Stealth
   942 | D        | Killed a human
   959 | D        | Found a glowing silver altar of Zin.
   959 | D        | Found a glowing golden altar of the Shining One.
   959 | D        | Found a white marble altar of Elyvilon.
   959 | D        | Noticed a deep elf pyromancer
   962 | D        | Killed a deep elf pyromancer
   963 | D        | Reached skill level 13 in Stealth
   963 | D        | Gained mutation: You have razor-sharp teeth. [Vine Stalker
                  | growth]
   963 | D        | Reached XP level 8. HP: 49/49 MP: 9/9
   978 | D        | Found a radiant altar of Vehumet.
   978 | D        | Found a shimmering blue altar of Sif Muna.
   978 | D        | Found an ancient bone altar of Kikubaaqudgha.
  1033 | D        | Slain by a two-headed ogre

Illustrated notes

Levels and vault maps discovered:
D:        dungeon_sprint_mu [sprint_mu_entry_forest, sprint_mu_temple_rooms,
          sprint_mu_d1_spiders, sprint_mu_d2_genie, sprint_mu_d3_branching,
          sprint_mu_orc_legion, sprint_mu_elf_gauntlet, sprint_mu_hive_nellie,
          sprint_mu_lair_fedhas, sprint_mu_vaults_butterflies,
          sprint_mu_slime_circle, sprint_mu_swamp_cave, sprint_mu_snake_twists,
          sprint_mu_blade_basic, sprint_mu_crypt_lich, sprint_mu_tomb_spiral,
          sprint_mu_vestibule_basic, sprint_mu_gehenna_hellfire,
          sprint_mu_dis_giant, sprint_mu_tartarus_statrot,
          sprint_mu_cocytus_islands, sprint_mu_zot1]

Skill      XL: |  1  2  3  4  5  6  7  8 |
---------------+-------------------------+-----
Fighting       | 3 4 5 6 7 9 |  9.4
Short Blades   | 3 4 5 6 7 9 |  9.2
Dodging        | 1 2 3 4 5 6 |  6.0
Stealth        | 6 7 8 10 11 13 | 13.5
Throwing       | |  1.7

Action                     |  1- 3 |  4- 6 |  7- 9 || total
---------------------------+-------+-------+-------++-------
  Melee: Dagger            |     7 |    13 |    12 ||    32
         Bite              |       |     4 |     3 ||     7
  Throw: Dart              |     5 |       |     1 ||     6
    Use: Scroll            |       |     3 |       ||     3
         Potion            |       |     1 |       ||     1
   Stab: Sleeping          |     2 |     2 |     7 ||    11
  Dodge: Dodged            |     3 |     7 |     1 ||    11

Table legend: (Time is in decaauts)
 A = Elapsed time spent in this place.
 B = Non-inter-level travel time spent in this place.
 C = Inter-level travel time spent in this place.
 D = Time resting spent in this place.
 E = Time spent auto-exploring this place.
 F = Levels seen in this place.
 G = Mean time per level.
                   A        B        C        D        E       F      G
               +--------+--------+--------+--------+--------+-----+--------+
         Total |   1034 |   1034 |      0 |    722 |      0 |   1 | 1034.0 |
       Dungeon |   1034 |   1034 |      0 |    722 |      0 |   1 | 1034.0 |
               +--------+--------+--------+--------+--------+-----+--------+

Top non-repeatable levels by time:
       D: 1034 daAuts
